AoeStats
← Ramboso

Golden Pit

508226219Analyzed
1v1 RM · 11d ago on Sep 21, 2026· 42m 2s· 2 players
Game mode
Random Map
Map size
Tiny (2 player)
Population
200
Speed
Normal
Resources
Standard
Victory
Conquest
Starting age
Dark Age
Ending age
Imperial Age
RankedLock teamsTeams togetherTeam positionsShared explorationLock speedFull tech treeHidden civsTurbo modeCheats
Victory
Defeat
🇺🇦 Byzantines · Ukraine
932
+18
🇮🇹 Mongols · Italy
985
-18
Ramboso
9:27 Feudal Age
9:57 Double-Bit Axe
10:22 Loom
12:36 Horse Collar
19:21 Castle Age
18:14 Gold Mining
19:25 Man-at-Arms
21:06 Scale Mail Armor
21:17 Forging
22:04 Squires
21:47 Long Swordsman
23:35 Chain Mail Armor
26:20 Bow Saw
26:13 Heavy Plow
30:12 Stone Mining
30:58 Gold Shaft Mining
31:53 Stone Shaft Mining
32:28 Iron Casting
31:59 Scale Barding Armor
32:39 Husbandry
32:50 Bloodlines
35:25 Pikeman
39:04 Imperial Age
36:22 Loom
36:44 Padded Archer Armor
36:38 Fletching
37:17 Light Cavalry
KO3AK_UA
3:36 Loom
11:24 Feudal Age
16:14 Castle Age
15:59 Double-Bit Axe
16:03 Horse Collar
16:30 Gold Mining
21:19 Wheelbarrow
27:12 Thumb Ring
30:20 Crossbowman
31:30 Fletching
34:11 Bow Saw
34:32 Forging
35:36 Husbandry
35:59 Scale Barding Armor
37:09 Heavy Plow
38:30 Bodkin Arrow
39:12 Iron Casting
40:06 Chain Barding Armor
42:29 Imperial Age
Connection lost

Rejoining the realm…

Still unreachable

The connection could not be restored.

Session expired

The server has moved on; the page needs a fresh start.